 Dungeon Crawl Stone Soup version 0.29.1-13-g9f3cf754e1 (console) character file.

Game seed: 1833733178541900686

224 om the Magician (level 6, -9/40 HPs)
             Began as a Djinni Fire Elementalist on Jan 30, 2023.
             Killed from afar by Ijyb (19 damage)
             ... with a bolt of light
             ... on level 4 of the Dungeon.
             The game lasted 00:07:46 (3606 turns).

om the Magician (Djinni Fire Elementalist)          Turns: 3606, Time: 00:07:47

Health: -9/40      AC:  5    Str:  7    XL:     6   Next: 20%
Gold:   215        EV: 13    Int: 17    God:
                   SH:  0    Dex: 15

rFire   + + .      SeeInvis .   b - +1 short sword (venom)
rCold   x . .      Faith    .   (no shield)
rNeg    . . .      Spirit   .   a - +0 robe
rPois   ∞          Reflect  .   l - +0 helmet
rElec   .          Harm     .   w - +1 cloak
rCorr   .          Rampage  .   (no gloves)
Will    .....                   (boots unavailable)
Stlth   +.........              (no amulet)
HPRegen 0.13/turn               (no ring)
MPRegen 0.00/turn               (no ring)

@: confused, flying
A: sickness immunity, fire resistance 2, cold vulnerability 1, float, innate
caster, HP casting, extra vitality 1
a: no special abilities


You were on level 4 of the Dungeon.
You visited 1 branch of the dungeon, and saw 4 of its levels.

You collected 215 gold pieces.

Inventory:

Hand Weapons
 b - a +1 short sword of venom (weapon)
 f - a +0 antimagic dagger
Armour
 a - a +0 robe (worn)
 l - a +0 helmet (worn)
 s - a +0 ring mail
 w - a +1 cloak (worn)
Jewellery
 q - an amulet of faith
Scrolls
 i - a scroll of fear {unknown}
 j - a scroll of noise {unknown}
 n - a scroll of teleportation {unknown}
 o - a scroll of brand weapon {unknown}
 v - 2 scrolls of enchant armour {unknown}
 y - a scroll of blinking {unknown}
Potions
 d - 3 potions of curing
 e - a potion of brilliance {unknown}
 g - 2 potions of heal wounds {unknown}
 h - a potion of resistance
 k - a potion of flight
 m - a potion of cancellation {unknown}
 p - a potion of lignification {unknown}
 r - 2 potions of might {unknown}
 t - a potion of magic {unknown}
 u - 2 potions of ambrosia
 x - a potion of experience {unknown}


   Skills:
 + Level 1.6 Armour
 - Level 3.0 Dodging
 - Level 3.0 Stealth
 * Level 3.9 Spellcasting


You couldn't memorise any spells.
You knew the following spells:

 Your Spells              Type           Power      Damage    Failure   Level
a - Foxfire               Conj/Fire      64%        2x1d7     3%          1
b - Scorch                Fire           32%        2d7       4%          2
c - Conjure Flame         Conj/Fire      16%        6-21      10%         3
d - Inner Flame           Hex/Fire       16%        N/A       10%         3
e - Flame Wave            Conj/Fire      16%        2d7       30%         4
f - Summon Small Mammal   Summ           64%        N/A       3%          1
g - Poisonous Vapours     Pois/Air       32%        N/A       4%          2
Your spell library was empty.

Dungeon Overview and Level Annotations

Branches:
Dungeon (4/15)
 Temple: D:4-7

Altars:
Gozag
Hepliaklqana
Uskayaw

Annotations:
D:4 Ijyb


Innate Abilities, Weirdness & Mutations

You are immune to sickness and miasma.
You are immune to poison.
Your flesh is very heat resistant. (rF++)
You are vulnerable to cold. (rC-)
You float through the air rather than walking.
You learn spells naturally, not from books.
Your magical power is your life essence.
You have superior vitality. (+4 MHP)


Message History

You are confused.
The adder moves out of view.
You're too confused to cast spells.
Unknown command.
You feel better.
Casting: Scorch (safe; 4% risk of failure)
Confirm with . or Enter, or press ? or * to list all spells.
Flames lash Ijyb but do no damage.
Ijyb hits you but does no damage.
Casting: Scorch (safe; 4% risk of failure)
Confirm with . or Enter, or press ? or * to list all spells.
Flames lash Ijyb.
Ijyb is moderately wounded.
Ijyb zaps a wand.
The bolt of light hits you!
You are confused.
You're too confused to cast spells.
Found 4 atropa-tipped darts.
Found an escape hatch in the ceiling.
Ijyb hits you but does no damage. The adder closely misses you.
Unknown command.
You feel less confused. Ijyb hits you with a +0 dagger.
Ijyb is no longer more vulnerable to fire.
The adder closely misses you.
Ijyb zaps a wand.
The bolt of light misses you.
You hit Ijyb but do no damage.
Ijyb is poisoned.
Ijyb is moderately wounded.
The adder bites you.
Ijyb zaps a wand.
The bolt of light misses you. The adder barely misses you.
Casting: Scorch (safe; 4% risk of failure)
Confirm with . or Enter, or press ? or * to list all spells.
Flames lash Ijyb.
Ijyb is heavily wounded.
Ijyb's fire resistance burns away.
Ijyb hits you with a +0 dagger.
* * * LOW HITPOINT WARNING * * *
The adder bites you.
* * * LOW HITPOINT WARNING * * *
Okay, then.
As you read the scroll of butterflies, it crumbles to dust.
You hear the tinkle of a tiny bell.
The adder misses you.
Ijyb zaps a wand.
The bolt of light hits you!!
You are confused.
You die...

.##................###
..#...................
..........:........... .
#................#### ..
#.).............#..† (..
#............##... ....
#bb.........##.†. .....
###bb..............
......#g@bb##..#####.#...
......bSb####### ###...
......b### #... .......
#### ....... ####.
<.##### #.##. . #..##
#...# #....


You could see Ijyb (very poisoned, combustible, ally target) and an adder (ally
target).

Vanquished Creatures
  An orc priest (D:3)
  2 orc wizards (D:3)
  7 adders
  A worm (D:2)
  3 dart slugs
  7 orcs (D:3)
  3 bats
  2 endoplasms (D:3)
  4 giant cockroaches
  5 goblins
  6 hobgoblins
  2 jackals (D:1)
  4 quokkas
  3 ball pythons
  A frilled lizard (D:1)
  13 kobolds
  7 rats
71 creatures vanquished.

Vanquished Creatures (collateral kills)
  2 foxfires
2 creatures vanquished.

Vanquished Creatures (others)
  127 foxfires
  8 plants (D:1)
135 creatures vanquished.

Grand Total: 208 creatures vanquished

Notes
Turn   | Place    | Note
-------+----------+-------------------------------------------
     0 | D:1      | om the Djinni Fire Elementalist began the quest for the
                  | Orb.
     0 | D:1      | om set off with the following spells memorised: Foxfire,
                  | Scorch, Conjure Flame, Inner Flame, Flame Wave.
     0 | D:1      | Reached XP level 1. HP: 15/15 MP: 0/0
    37 | D:1      | Found a faded altar of an unknown god.
   365 | D:1      | Reached XP level 2. HP: 19/21 MP: 0/0
  1241 | D:1      | Reached XP level 3. HP: 21/25 MP: 0/0
  1241 | D:1      | Learned a level 1 spell: Summon Small Mammal
  1968 | D:2      | Reached XP level 4. HP: 25/31 MP: 0/0
  2565 | D:3      | Reached XP level 5. HP: 26/35 MP: 0/0
  2565 | D:3      | Learned a level 2 spell: Poisonous Vapours
  2835 | D:3      | Reached skill level 1 in Armour
  3152 | D:3      | Found an opulent altar of Gozag.
  3156 | D:3      | Reached XP level 6. HP: 35/40 MP: 0/0
  3209 | D:3      | Found a hazy altar of Hepliaklqana.
  3459 | D:4      | Found a hide-covered altar of Uskayaw.
  3591 | D:4      | Noticed Ijyb
  3606 | D:4      | Killed from afar by Ijyb

Illustrated notes

Levels and vault maps discovered:
D:1:      evilmike_arrival_fibonacci_small, layout_basic,
          ebering_ecumenical_altar_box, nicolae_hexahallways,
          hangedman_decor_growths, chequers_arboretum, lexackson_kobold_supper
D:2:      layout_rooms, dreamdust_mushroom_princess, st_stairs_3,
          minmay_hexomino_p4
D:3:      layout_rooms, mainiacjoe_overflow_alcove_2,
          mainiacjoe_overflow_alcove_1
D:4:      layout_cave_pods, nicolae_uskayaw_murder_on_the_dancefloor,
          mainiacjoe_overflow_swirl, temple_green, st_stairs_8, uniq_ijyb,
          uniq_natasha

Skill      XL: |  1  2  3  4  5  6 |
---------------+-------------------+-----
Dodging        | 3 |  3.0
Stealth        | 2 3 |  3.0
Spellcasting   | 3 |  3.9
Armour         | 1 |  1.6

Action                   |  1- 3 |  4- 6 || total
-------------------------+-------+-------++-------
Melee: Unarmed           |     1 |       ||     1
       Short sword       |    17 |    48 ||    65
       Punch             |       |     1 ||     1
 Cast: Foxfire           |    38 |    38 ||    76
       Scorch            |     4 |    13 ||    17
       Poisonous Vapours |       |     2 ||     2
  Use: Scroll            |     2 |     6 ||     8
       Potion            |       |     1 ||     1
 Stab: Sleeping          |     1 |       ||     1
Armor: Robe              |     7 |    11 ||    18
Dodge: Dodged            |    19 |    45 ||    64
